| TOP OF THE 1ST |
|
Minnesota Twins batting - Pitching for Atlanta Firebirds : RHP Simon Mercedes
|
|
Pitching: RHP Simon Mercedes
|
|
|
Batting: LHB Magneuris Sierra
|
0-0: Ball 1-0: SINGLE (Line Drive, 56D, EV 106.3 MPH)
|
|
Batting: SHB Francisco Mejia
|
0-0: Ball 1-0: Ball 2-0: Called Strike 2-1: Ball 3-1: Sac Bunt to P - play at first, batter OUT! 1-3 Magneuris Sierra to second
|
|
Batting: LHB Andy Townsend
|
0-0: Ball Magneuris Sierra steals 3rd base 1-0: Called Strike 1-1: Ground out 4-3 (Groundball, 4, EV 88.8 MPH) Magneuris Sierra scores
|
|
Batting: RHB Gabriel Corporan
|
0-0: Ball 1-0: SINGLE (Flyball, 3D, EV 91.3 MPH)
|
|
Batting: RHB Artie Cochran
|
0-0: Ball 1-0: SINGLE (Groundball, 4D, EV 95.0 MPH) Gabriel Corporan to second Runner from 2nd tries for 3rd, SAFE, throw by CF made to third
|
|
Batting: LHB Carol Westerhout
|
0-0: Ball 1-0: Ball 2-0: Called Strike 2-1: Called Strike 2-2: Strikes out swinging
|
| Top of the 1st over - 1 run, 3 hits, 0 errors, 2 left on base; Minnesota 1 - Atlanta 0 |
| BOTTOM OF THE 1ST |
|
Atlanta Firebirds batting - Pitching for Minnesota Twins : RHP Jared Turner
|
|
Pitching: RHP Jared Turner
|
|
|
Batting: RHB Luis Camacho
|
0-0: Ground out 5-3 (Groundball, 56, EV 108.1 MPH)
|
|
Batting: RHB Jim Bowers
|
0-0: Ground out 4-3 (Groundball, 4, EV 103.8 MPH)
|
|
Batting: LHB Desi Godfrey
|
0-0: Called Strike 0-1: Ball 1-1: Ball 2-1: Ball 3-1: Base on Balls
|
|
Batting: LHB Joe McGrath
|
0-0: Ground out U3 (Groundball, 34, EV 106.3 MPH)
|
| Bottom of the 1st over - 0 runs, 0 hits, 0 errors, 1 left on base; Minnesota 1 - Atlanta 0 |
| TOP OF THE 2ND |
|
Minnesota Twins batting - Pitching for Atlanta Firebirds : RHP Simon Mercedes
|
|
Batting: RHB Greg Watts
|
0-0: Called Strike 0-1: Foul Ball, location: 9LSF 0-2: Strikes out swinging
|
|
Batting: RHB Jose A. Martinez
|
0-0: Foul Ball, location: 9LSF 0-1: Ground out 5-3 (Groundball, 5L, EV 82.5 MPH)
|
|
Batting: LHB Sojuro Iwamoto
|
0-0: Called Strike 0-1: Ground out 3-1 (Groundball, 34, EV 83.8 MPH)
|
| Top of the 2nd over - 0 runs, 0 hits, 0 errors, 0 left on base; Minnesota 1 - Atlanta 0 |
| BOTTOM OF THE 2ND |
|
Atlanta Firebirds batting - Pitching for Minnesota Twins : RHP Jared Turner
|
|
Batting: RHB Miguel Andujar
|
0-0: Foul Ball, location: 9LMF 0-1: Ball 1-1: Ball 2-1: Ball 3-1: Base on Balls
|
|
Batting: RHB Gleyber Torres
|
0-0: Called Strike 0-1: Called Strike 0-2: Strikes out swinging
|
|
Batting: RHB Wes Ramey
|
0-0: Called Strike 0-1: Fly out, F8 (Line Drive, 8LM, EV 104.4 MPH)
|
|
Batting: SHB Miguel Ruiz
|
0-0: Swinging Strike 0-1: Ball 1-1: Ball 2-1: Reached on error, E4 (Groundball, 4, EV 83.8 MPH) Miguel Andujar to second
|
|
Batting: RHB Jorge Gutiérrez
|
0-0: Ball 1-0: Swinging Strike 1-1: Ball 2-1: Ground out 4-3 (Groundball, 4, EV 84.4 MPH)
|
| Bottom of the 2nd over - 0 runs, 0 hits, 1 error, 2 left on base; Minnesota 1 - Atlanta 0 |
| TOP OF THE 3RD |
|
Minnesota Twins batting - Pitching for Atlanta Firebirds : RHP Simon Mercedes
|
|
Batting: LHB Magneuris Sierra
|
0-0: Called Strike 0-1: Ground out U3 (Groundball, 3, EV 89.4 MPH)
|
|
Batting: SHB Francisco Mejia
|
0-0: Fly out, F8 (Flyball, 8LD, EV 86.3 MPH)
|
|
Batting: LHB Andy Townsend
|
0-0: Ground out 5-3 (Groundball, 56S, EV 68.8 MPH)
|
| Top of the 3rd over - 0 runs, 0 hits, 0 errors, 0 left on base; Minnesota 1 - Atlanta 0 |
| BOTTOM OF THE 3RD |
|
Atlanta Firebirds batting - Pitching for Minnesota Twins : RHP Jared Turner
|
|
Batting: RHB Luis Camacho
|
0-0: Ball 1-0: Foul Ball, location: 2F 1-1: Ball 2-1: Ball 3-1: Foul Ball, location: 9LMF 3-2: SINGLE (Line Drive, 8LS, EV 101.3 MPH)
|
|
Batting: RHB Jim Bowers
|
0-0: Foul Ball, location: 25F 0-1: Called Strike 0-2: Ball 1-2: Ball 2-2: SINGLE (Groundball, P, EV 88.1 MPH) (infield hit) Luis Camacho to second
|
|
Batting: LHB Desi Godfrey
|
0-0: Called Strike 0-1: Grounds into double play, 3-6-3 (Groundball, 3, EV 104.4 MPH) Luis Camacho to third
|
|
Batting: LHB Joe McGrath
|
0-0: Ball 1-0: Ball 2-0: SINGLE (Line Drive, 8RS, EV 101.9 MPH) Luis Camacho scores
|
|
Batting: RHB Miguel Andujar
|
0-0: Called Strike 0-1: Ball 1-1: Swinging Strike 1-2: Strikes out swinging
|
| Bottom of the 3rd over - 1 run, 3 hits, 0 errors, 1 left on base; Minnesota 1 - Atlanta 1 |
| TOP OF THE 4TH |
|
Minnesota Twins batting - Pitching for Atlanta Firebirds : RHP Simon Mercedes
|
|
Batting: RHB Gabriel Corporan
|
0-0: Fly out, F9 (Flyball, 9D, EV 99.4 MPH)
|
|
Batting: RHB Artie Cochran
|
0-0: Ball 1-0: Ball 2-0: Foul Ball, location: 2F 2-1: Swinging Strike 2-2: Foul Ball, location: 2F 2-2: Fly out, F7 (Flyball, 7, EV 85.0 MPH)
|
|
Batting: LHB Carol Westerhout
|
0-0: Ground out U3 (Groundball, 3, EV 98.8 MPH)
|
| Top of the 4th over - 0 runs, 0 hits, 0 errors, 0 left on base; Minnesota 1 - Atlanta 1 |
| BOTTOM OF THE 4TH |
|
Atlanta Firebirds batting - Pitching for Minnesota Twins : RHP Jared Turner
|
|
Batting: RHB Gleyber Torres
|
0-0: Ball 1-0: Fly out, F8 (Flyball, 8RD, EV 103.1 MPH)
|
|
Batting: RHB Wes Ramey
|
0-0: Called Strike 0-1: Ball 1-1: Swinging Strike 1-2: Ball 2-2: Ground out 5-3 (Groundball, 56, EV 88.1 MPH)
|
|
Batting: SHB Miguel Ruiz
|
0-0: Ball 1-0: Ball 2-0: Ball 3-0: Called Strike 3-1: Base on Balls
|
|
Batting: RHB Jorge Gutiérrez
|
0-0: Ball Wild Pitch! Miguel Ruiz to second 1-0: Swinging Strike 1-1: Foul Ball, location: 2F 1-2: Foul Ball, location: 2LF 1-2: Ground out 6-3 (Groundball, P, EV 88.1 MPH)
|
| Bottom of the 4th over - 0 runs, 0 hits, 0 errors, 1 left on base; Minnesota 1 - Atlanta 1 |
| TOP OF THE 5TH |
|
Minnesota Twins batting - Pitching for Atlanta Firebirds : RHP Simon Mercedes
|
|
Batting: RHB Greg Watts
|
0-0: Ground out 5-3 (Groundball, 56S, EV 64.4 MPH)
|
|
Batting: RHB Jose A. Martinez
|
0-0: Ball 1-0: Called Strike 1-1: Foul Ball, location: 9LDF 1-2: Strikes out swinging
|
|
Batting: LHB Sojuro Iwamoto
|
0-0: Ball 1-0: Ball 2-0: Foul Ball, location: 7LMF 2-1: Ground out 6-3 (Groundball, 6M, EV 104.4 MPH)
|
| Top of the 5th over - 0 runs, 0 hits, 0 errors, 0 left on base; Minnesota 1 - Atlanta 1 |
| BOTTOM OF THE 5TH |
|
Atlanta Firebirds batting - Pitching for Minnesota Twins : RHP Jared Turner
|
|
Batting: RHB Luis Camacho
|
0-0: Ball 1-0: Fly out, F7 (Line Drive, 7S, EV 108.8 MPH)
|
|
Batting: RHB Jim Bowers
|
0-0: Foul Ball, location: 3SF 0-1: Fly out, F8 (Flyball, 8LD, EV 110.6 MPH)
|
|
Batting: LHB Desi Godfrey
|
0-0: Ground out U3 (Groundball, 3S, EV 86.9 MPH)
|
| Bottom of the 5th over - 0 runs, 0 hits, 0 errors, 0 left on base; Minnesota 1 - Atlanta 1 |
| TOP OF THE 6TH |
|
Minnesota Twins batting - Pitching for Atlanta Firebirds : RHP Simon Mercedes
|
|
Batting: LHB Magneuris Sierra
|
0-0: Ball 1-0: Foul Ball, location: 5FF 1-1: Ground out 6-3 (Groundball, 6MD, EV 97.5 MPH)
|
|
Batting: SHB Francisco Mejia
|
0-0: Ball 1-0: Ground out 6-3 (Groundball, 6, EV 85.6 MPH)
|
|
Batting: LHB Andy Townsend
|
0-0: Foul Ball, location: 5FF 0-1: Ball 1-1: Ball 2-1: Called Strike 2-2: Ball 3-2: Base on Balls
|
|
Batting: RHB Gabriel Corporan
|
0-0: Ball Wild Pitch! Andy Townsend to second 1-0: SINGLE (Line Drive, 4D, EV 95.0 MPH) Andy Townsend to third Runner from 3rd tries for Home, SAFE, throw by CF to home
|
|
Batting: RHB Artie Cochran
|
0-0: Foul Ball, location: 9LMF 0-1: Ball 1-1: Called Strike 1-2: Strikes out swinging
|
| Top of the 6th over - 1 run, 1 hit, 0 errors, 1 left on base; Minnesota 2 - Atlanta 1 |
| BOTTOM OF THE 6TH |
|
Atlanta Firebirds batting - Pitching for Minnesota Twins : RHP Jared Turner
|
|
Batting: LHB Joe McGrath
|
0-0: Called Strike 0-1: SINGLE (Groundball, 23, EV 68.8 MPH) (infield hit)
|
|
Batting: RHB Miguel Andujar
|
0-0: Swinging Strike 0-1: Ball 1-1: Ball 2-1: Ball 3-1: Called Strike 3-2: Foul Ball, location: 23F 3-2: Fly out, F7 (Line Drive, 7S, EV 94.4 MPH)
|
|
Batting: RHB Gleyber Torres
|
0-0: Called Strike 0-1: Ball 1-1: Foul Ball, location: 2F 1-2: Fly out, F8 (Line Drive, 8RM, EV 97.5 MPH)
|
|
Batting: RHB Wes Ramey
|
0-0: Called Strike Joe McGrath steals 2nd base 0-1: Foul Ball, location: 2F 0-2: Ball 1-2: Reached on error, E5 (Groundball, 56, EV 86.9 MPH) Joe McGrath to third
|
|
Batting: SHB Miguel Ruiz
|
0-0: Ball 1-0: Swinging Strike 1-1: Called Strike 1-2: Strikes out swinging
|
| Bottom of the 6th over - 0 runs, 1 hit, 1 error, 2 left on base; Minnesota 2 - Atlanta 1 |
| TOP OF THE 7TH |
|
Minnesota Twins batting - Pitching for Atlanta Firebirds : RHP Simon Mercedes
|
|
Batting: LHB Carol Westerhout
|
0-0: Ball 1-0: SINGLE (Groundball, 6MD, EV 101.3 MPH)
|
|
Batting: RHB Greg Watts
|
0-0: Foul Ball, location: 23FF 0-1: Ground out 5-3 (Groundball, 15, EV 88.8 MPH) Carol Westerhout to second
|
|
Batting: RHB Jose A. Martinez
|
0-0: Called Strike 0-1: Called Strike 0-2: Foul Ball, location: 9LDF 0-2: Foul Ball, location: 9LSF 0-2: Ball 1-2: Foul Ball, location: 5SF 1-2: Foul Ball, location: 7LMF 1-2: Strikes out swinging
|
|
Batting: LHB Sojuro Iwamoto
|
0-0: SINGLE (Groundball, 5D, EV 110.6 MPH) Carol Westerhout to third Runner from 3rd tries for Home, SAFE, throw by LF to home
|
|
Batting: LHB Magneuris Sierra
|
0-0: Ball 1-0: SINGLE (Groundball, 34, EV 92.5 MPH) (infield hit) Sojuro Iwamoto to second
|
|
Batting: SHB Francisco Mejia
|
0-0: Ball 1-0: Called Strike 1-1: Ball 2-1: Swinging Strike 2-2: Strikes out looking
|
| Top of the 7th over - 1 run, 3 hits, 0 errors, 2 left on base; Minnesota 3 - Atlanta 1 |
| BOTTOM OF THE 7TH |
|
Atlanta Firebirds batting - Pitching for Minnesota Twins : RHP Jared Turner
|
|
Pitching: RHP Randy Lewis
|
|
|
Batting: RHB Jorge Gutiérrez
|
0-0: Foul Ball, location: 9LMF 0-1: Swinging Strike 0-2: Ball 1-2: Ground out 6-3 (Groundball, 6, EV 101.3 MPH)
|
|
Batting: RHB Luis Camacho
|
0-0: Called Strike 0-1: Ball 1-1: Ground out 6-3 (Groundball, 56, EV 102.5 MPH)
|
|
Batting: RHB Jim Bowers
|
0-0: Ground out 4-3 (Groundball, 4, EV 110.0 MPH)
|
| Bottom of the 7th over - 0 runs, 0 hits, 0 errors, 0 left on base; Minnesota 3 - Atlanta 1 |
| TOP OF THE 8TH |
|
Minnesota Twins batting - Pitching for Atlanta Firebirds : RHP Simon Mercedes
|
|
Batting: LHB Andy Townsend
|
0-0: DOUBLE (Line Drive, 9LD, EV 105.0 MPH)
|
|
Batting: RHB Gabriel Corporan
|
0-0: Ball 1-0: Called Strike 1-1: Called Strike 1-2: Ground out 1-3 (Groundball, P, EV 63.1 MPH)
|
|
Batting: RHB Artie Cochran
|
0-0: Ground out 4-3 (Groundball, 4, EV 86.9 MPH) Andy Townsend to third
|
|
Batting: LHB Carol Westerhout
|
0-0: Intentional Walk
|
|
Pitching: RHP Joel Nelson
|
|
|
Batting: RHB Greg Watts
|
0-0: Called Strike 0-1: Ball 1-1: Swinging Strike 1-2: Fly out, F9 (Flyball, 89S, EV 86.9 MPH)
|
| Top of the 8th over - 0 runs, 1 hit, 0 errors, 2 left on base; Minnesota 3 - Atlanta 1 |
| BOTTOM OF THE 8TH |
|
Atlanta Firebirds batting - Pitching for Minnesota Twins : RHP Randy Lewis
|
|
Pitching: LHP Luis Romano
|
|
|
Pinch Hitting: SHB Arquimedes Gamboa
|
0-0: Ball 1-0: Ground out 5-3 (Groundball, 56S, EV 87.5 MPH)
|
|
Batting: LHB Joe McGrath
|
0-0: Ball 1-0: Ball 2-0: Ball 3-0: Called Strike 3-1: Called Strike 3-2: Foul Ball, location: 2F 3-2: Strikes out swinging
|
|
Batting: RHB Miguel Andujar
|
0-0: Fly out, F9 (Flyball, 9LMF, EV 86.3 MPH)
|
| Bottom of the 8th over - 0 runs, 0 hits, 0 errors, 0 left on base; Minnesota 3 - Atlanta 1 |
| TOP OF THE 9TH |
|
Minnesota Twins batting - Pitching for Atlanta Firebirds : RHP Joel Nelson
|
|
Pitching: LHP Curt Wilkerson
|
|
|
Now in RF: Lou Brown
|
|
|
Batting: RHB Jose A. Martinez
|
0-0: Ball 1-0: Called Strike 1-1: Ball 2-1: Ball 3-1: Base on Balls
|
|
Batting: LHB Sojuro Iwamoto
|
0-0: Called Strike 0-1: Called Strike 0-2: Ball 1-2: Foul Ball, location: 9LMF 1-2: SINGLE (Line Drive, 78S, EV 105.6 MPH) Jose A. Martinez to second Throwing error, E7 Jose A. Martinez scores Sojuro Iwamoto to second
|
|
Batting: LHB Magneuris Sierra
|
0-0: Called Strike 0-1: Swinging Strike 0-2: Ball 1-2: Strikes out swinging
|
|
Batting: SHB Francisco Mejia
|
0-0: Intentional Walk
|
|
Batting: LHB Andy Townsend
|
0-0: SINGLE (Line Drive, 78M, EV 101.3 MPH) Sojuro Iwamoto to third Francisco Mejia to second Runner from 3rd tries for Home, SAFE, throw by CF to home
|
|
Batting: RHB Gabriel Corporan
|
0-0: Ball 1-0: Foul Ball, location: 9LMF 1-1: Ball 2-1: SINGLE (Line Drive, 9S, EV 110.0 MPH) Francisco Mejia to third Andy Townsend to second
|
|
Batting: RHB Artie Cochran
|
0-0: Called Strike 0-1: SINGLE (Line Drive, 8LS, EV 110.6 MPH) Francisco Mejia scores Andy Townsend to third Gabriel Corporan to second
|
|
Batting: LHB Carol Westerhout
|
0-0: Fly out, F9 (Flyball, 9, EV 89.4 MPH) Runner from 3rd tags up, SCORES, no throw by RF
|
|
Pitching: LHP Miguel Del Pozo
|
|
|
Batting: RHB Greg Watts
|
0-0: SINGLE (Line Drive, 4D, EV 99.4 MPH) Gabriel Corporan to third Artie Cochran to second Runner from 3rd tries for Home, throw by CF and OUT! 8-4-2
|
| Top of the 9th over - 4 runs, 5 hits, 1 error, 2 left on base; Minnesota 7 - Atlanta 1 |
| BOTTOM OF THE 9TH |
|
Atlanta Firebirds batting - Pitching for Minnesota Twins : LHP Luis Romano
|
|
Pitching: RHP Pat Calhoun
|
|
|
Batting: RHB Gleyber Torres
|
0-0: Ball 1-0: Ball 2-0: Foul Ball, location: 5SF 2-1: Swinging Strike 2-2: Strikes out swinging
|
|
Batting: RHB Wes Ramey
|
0-0: SINGLE (Line Drive, 4D, EV 106.3 MPH)
|
|
Batting: SHB Miguel Ruiz
|
0-0: Grounds into double play, 6-4-3 (Groundball, 6, EV 105.0 MPH)
|
| Bottom of the 9th over - 0 runs, 1 hit, 0 errors, 0 left on base; Minnesota 7 - Atlanta 1 |
|